 Dungeon Crawl Stone Soup version 0.23.0 (webtiles) character file.

Game seed: 8615686705400143455

135 Dantiko the Slasher (level 5, -2/41 HPs)
             Began as a Human Fighter on Feb 11, 2019.
             Killed by divine providence
             ... invoked by an orc priest
              (14 damage)
             ... on level 3 of the Dungeon.
             The game lasted 00:04:19 (2068 turns).

Dantiko the Slasher (Human Fighter)                 Turns: 2068, Time: 00:04:19

Health: -2/41      AC:  6    Str: 17    XL:     5   Next: 42%
Magic:  5/5        EV:  8    Int:  9    God:
Gold:   180        SH: 12    Dex: 12    Spells: 4/4 levels left

rFire    . . .     SeeInvis .   a - +0 long sword
rCold    + . .     Gourm    .   c - +0 shield
rNeg     . . .     Faith    .   b - +0 scale mail
rPois    .         Spirit   .   (no helmet)
rElec    .         Reflect  +   (no cloak)
rCorr    .         Harm     .   (no gloves)
MR       .....                  (no boots)
Stlth    ..........             i - +3 amulet of reflection
HPRegen  0.13/turn              h - ring of wizardry
MPRegen  0.09/turn              o - ring of protection from cold

@: no status effects
A: no striking features
a: no special abilities


You were on level 3 of the Dungeon.
You were not hungry.

You visited 1 branch of the dungeon, and saw 3 of its levels.

You collected 180 gold pieces.

Inventory:

Hand Weapons
 a - a +0 long sword (weapon)
Armour
 b - a +0 scale mail (worn)
 c - a +0 shield (worn)
 e - a +0 ring mail
Jewellery
 h - a ring of wizardry (left hand)
 i - a +3 amulet of reflection (around neck)
 o - a ring of protection from cold (right hand)
Scrolls
 k - 2 scrolls of amnesia {unknown}
 m - 5 scrolls of identify {unknown}
 n - a scroll of immolation {unknown}
 q - 2 scrolls of remove curse {unknown}
 r - a scroll of random uselessness {unknown}
Potions
 d - a potion of might
 g - 3 potions of curing {unknown}
 l - a potion of lignification {unknown}
 p - a potion of flight {unknown}
 s - 2 potions of mutation {unknown}
 t - a potion of haste {unknown}
Comestibles
 f - 7 rations
 j - 3 chunks of flesh


   Skills:
 - Level 3.0 Fighting
 + Level 4.0 Long Blades
 - Level 3.0 Armour
 - Level 3.0 Dodging
 - Level 3.0 Shields


You had 4 spell levels left.
You didn't know any spells.
Your spell library was empty.

Dungeon Overview and Level Annotations

Branches:
Dungeon (3/15)

Altars:


Message History

You barely miss the orc priest.
The orc priest is severely wounded.
You block the orc priest's attack. x2
You closely miss the orc priest.
The orc priest is severely wounded.
The orc priest hits you with a +0 club. You block the orc priest's attack.
You barely miss the orc priest.
The orc priest is severely wounded.
The orc priest hits you with a +0 club. The orc priest closely misses you.
You riposte.
You hit the orc priest.
The orc priest is severely wounded.
Your shield and scale mail prevent you from hitting the orc priest.
The orc priest is severely wounded.
The orc priest mumbles some strange prayers to Beogh against you.
Pain shoots through your body!
* * * LOW HITPOINT WARNING * * *
You block the orc priest's attack.
The orc priest mumbles some strange prayers to Beogh against you.
Beogh smites you!
You die...

#..............#
#..........##..#
##......o...#...
............#.#### .
.................# ..
.................#...
...####............#
####'####......#
#....o@o.......#
#.............##
..##..............#
#......)..........#
#.......##...######
#.......##...########
#.......##..........#
#..................(#
#...................#


You could see 2 orc priests.

Vanquished Creatures
  6 adders
  A worm (D:2)
  A dart slug (D:2)
  2 leopard geckos (D:1)
  4 orcs
  3 giant cockroaches
  12 goblins
  8 hobgoblins
  2 jackals (D:3)
  2 quokkas (D:2)
  7 bats
  3 frilled lizards
  7 kobolds
  10 rats
68 creatures vanquished.

Notes
Turn   | Place    | Note
-------+----------+-------------------------------------------
     0 | D:1      | Dantiko the Human Fighter began the quest for the Orb.
     0 | D:1      | Reached XP level 1. HP: 18/18 MP: 1/1
   243 | D:1      | Reached XP level 2. HP: 24/24 MP: 2/2
   332 | D:1      | Reached skill level 3 in Long Blades
   382 | D:1      | Reached XP level 3. HP: 29/29 MP: 3/3
  1051 | D:2      | Reached skill level 4 in Long Blades
  1051 | D:2      | Reached XP level 4. HP: 35/35 MP: 4/4
  1250 | D:2      | Reached skill level 1 in Dodging
  1495 | D:2      | Reached XP level 5. HP: 38/41 MP: 5/5
  2068 | D:3      | Killed from afar by an orc priest

Skill      XL: |  1  2  3  4  5 |
---------------+----------------+-----
Long Blades    | 3 4 |  4.0
Dodging        | 2 3 |  3.0
Fighting       | |  3.0
Armour         | |  3.0
Shields        | |  3.0

Action                   |  1- 3 |  4- 6 || total
-------------------------+-------+-------++-------
Melee: Long sword        |   136 |    81 ||   217
  Eat: Chunk             |     1 |     3 ||     4
Armor: Scale mail        |    41 |    41 ||    82
Dodge: Dodged            |    30 |    23 ||    53
Block: Shield            |    93 |    56 ||   149
       Reflection        |     4 |       ||     4
       Rpst.: Long sword |    11 |    12 ||    23
